 Dungeon Crawl Stone Soup version 0.29-a0-613-gf2c431b9b9 (webtiles) character file.

Game seed: 12680981018521620222

25 zishaf the Gusty (level 2, -2/23 HPs)
             Began as a Demigod Wanderer on June 16, 2022.
             Slain by a gnoll
             ... wielding a +0 whip
             ... led by a gnoll shaman
              (3 damage)
             ... on level 1 of the Dungeon.
             The game lasted 00:02:28 (1485 turns).

zishaf the Gusty (Demigod Wanderer)                 Turns: 1485, Time: 00:02:29

Health: -2/23      AC:  6    Str: 11    XL:     2   Next: 66%
Magic:  5/5        EV:  8    Int: 14    God:
Gold:   103        SH:  0    Dex: 15    Spells: 2/3 levels left

rFire   . . .      SeeInvis .   a - +0 falchion
rCold   . . .      Faith    .   (no shield)
rNeg    . . .      Spirit   .   b - +0 scale mail
rPois   .          Reflect  .   (no helmet)
rElec   .          Harm     .   (no cloak)
rCorr   .          Rampage  .   (no gloves)
Will    .....                   (no boots)
Stlth   ..........              (no amulet)
HPRegen 0.07/turn               (no ring)
MPRegen 0.09/turn               (no ring)

@: no status effects
A: high MP 1, forlorn, divine attributes
a: no special abilities


You were on level 1 of the Dungeon.
You visited 1 branch of the dungeon, and saw 2 of its levels.

You collected 103 gold pieces.

Inventory:

Hand Weapons
 a - a +0 falchion (weapon)
Missiles
 e - 6 boomerangs
Armour
 b - a +0 scale mail (worn)
Scrolls
 c - 2 scrolls of fog
 f - 3 scrolls of blinking {unknown}
 i - a scroll of enchant weapon {unknown}
Potions
 d - a potion of mutation {unknown}
 g - a potion of might {unknown}
 h - a potion of haste {unknown}


   Skills:
 + Level 1.1 Fighting
 - Level 2.0 Long Blades
 - Level 3.0 Armour
 - Level 1.0 Spellcasting
 + Level 3.1 Air Magic
 - Level 1.0 Evocations


You had 2 spell levels left.
You knew the following spells:

 Your Spells              Type           Power      Damage    Failure   Level
a - Shock                 Conj/Air       20%        1d4       61%         1

Your spell library contained the following spells:

 Spells                   Type           Power      Damage    Failure   Level
 Corpse Rot               Necr/Pois/Air  3%         N/A       100%        4
 Summon Lightning Spire   Summ/Air       5%         N/A       100%        4


Dungeon Overview and Level Annotations

Branches:
Dungeon (2/15)


Innate Abilities, Weirdness & Mutations

You have an increased reservoir of magic. (+10% MP)
You shall have no god before yourself.
Your divine heritage dramatically boosts your attributes as you level up.


Message History

You hit the bat.
You kill the bat!
No target in view!
You see here a bat corpse.
i - a scroll labelled TUSIEL EPTADWE A gnoll comes into view.
It is wielding a +0 whip.
The gnoll shouts!
You hear a shout! x2
A gnoll comes into view. It is wielding a +0 flail.
The gnoll moves out of view.
You hear a shout!
The gnoll shouts!
A gnoll shaman, 2 gnolls and a giant cockroach come into view.
Found a fuming yellow potion.
The gnoll shouts! x2
A gnoll comes into view. It is wielding a +0 whip.
The gnoll attacks as you move away! The gnoll hits you but does no damage.
The gnoll attacks as you move away! The gnoll hits you with a +0 whip.
The gnoll attacks as you move away! The gnoll barely misses you.
The gnoll attacks as you move away! The gnoll closely misses you.
The gnoll attacks as you move away! The gnoll hits you but does no damage.
The gnoll attacks as you move away! The gnoll hits you with a +0 whip!
The gnoll attacks as you move away! The gnoll hits you with a +0 whip.
The gnoll attacks as you move away! The gnoll closely misses you.
The gnoll attacks as you move away! The gnoll hits you with a +0 whip.
The gnoll attacks as you move away! The gnoll closely misses you.
There is a stone staircase leading up here.
The gnoll hits you but does no damage.
You climb upwards.
There is a stone staircase leading down here.
You hit the gnoll.
The gnoll is lightly wounded.
The gnoll hits you with a +0 whip.
* * * LOW HITPOINT WARNING * * *
You hit the gnoll.
The gnoll is heavily wounded.
The gnoll hits you with a +0 whip.
* * * LOW HITPOINT WARNING * * *
You hit the gnoll.
The gnoll is heavily wounded.
The gnoll hits you but does no damage. The gnoll hits you with a +0 whip.
You die...

#.# ##.####.#.....
#.###.#.###.######
#####.##.###.##.#
#.......#####.#.#
#>###.##...#.##.####
#.# #.##.....#.....###
#.# #.##..............
#.###.##......#####...
#....@........# #...
#..##g#....##.# #...
#..##...#..##.# #...
#..##.#....##.#####...
#.....##.#...........#
##.##........#######..
##...###.#.### #..
##.#...##.#.# #..
#....#....#.# #..


You could see a gnoll.

Vanquished Creatures
  2 dart slugs (D:1)
  2 bats
  3 endoplasms (D:1)
  3 giant cockroaches (D:1)
  2 hobgoblins (D:1)
  2 ball pythons (D:1)
  2 frilled lizards (D:1)
  2 kobolds (D:1)
  2 rats (D:1)
20 creatures vanquished.

Notes
Turn   | Place    | Note
-------+----------+-------------------------------------------
     0 | D:1      | zishaf the Demigod Wanderer began the quest for the Orb.
     0 | D:1      | zishaf set off with the following items: a +0 falchion, a
                  | +0 scale mail, a scroll of fog; and the following spell
                  | memorised: Shock; and the following spells available to
                  | memorise: Corpse Rot, Summon Lightning Spire.
     0 | D:1      | Reached XP level 1. HP: 14/14 MP: 4/4
   595 | D:1      | Reached XP level 2. HP: 18/22 MP: 5/5
  1075 | D:1      | Reached skill level 1 in Fighting
  1484 | D:1      | HP: 1/23 [gnoll/+0 whip[a gnoll shaman] (2)]
  1485 | D:1      | Slain by a gnoll

Illustrated notes

Levels and vault maps discovered:
D:1:      dpeg_arrival_orchard, layout_loops_ring,
          chequers_ecumenical_altar_simple_redux, corexii_hall_statues_t,
          chequers_serial_rivers_micro_e
D:2:      minmay_skewed_foursquare, layout_basic

Skill      XL: |  1  2 |
---------------+-------+-----
Long Blades    | 2 |  2.0
Air Magic      | 3 |  3.1
Armour         | 3 |  3.0
Fighting       | 1 |  1.1
Spellcasting   | |  1.0
Evocations     | |  1.0

Action                   || total
-------------------------++-------
Melee: Falchion          ||    65
       Punch             ||     1
Armor: Scale mail        ||    40
Dodge: Dodged            ||    34

Table legend: (Time is in decaauts)
 A = Elapsed time spent in this place.
 B = Non-inter-level travel time spent in this place.
 C = Inter-level travel time spent in this place.
 D = Time resting spent in this place.
 E = Time spent auto-exploring this place.
 F = Levels seen in this place.
 G = Mean time per level.
                   A        B        C        D        E       F      G
               +--------+--------+--------+--------+--------+-----+--------+
         Total |   1498 |   1446 |     52 |      0 |   1258 |   2 |  749.0 |
       Dungeon |   1498 |   1446 |     52 |      0 |   1258 |   2 |  749.0 |
               +--------+--------+--------+--------+--------+-----+--------+

Top non-repeatable levels by time:
     D:1: 1391 daAuts
     D:2: 107 daAuts
